 Dungeon Crawl Stone Soup version 0.29.1 (webtiles) character file.

Game seed: 17333705131499386304

1550 SensoryNuts the Covert (level 8, -4/57 HPs)
             Began as an Octopode Brigand on Sept 14, 2022.
             Slain by an ice beast (12 damage)
             ... on level 6 of the Dungeon.
             The game lasted 00:07:16 (8044 turns).

SensoryNuts the Covert (Octopode Brigand)           Turns: 8044, Time: 00:07:17

Health: -4/57      AC:  1    Str: 10    XL:     8   Next: 88%
Magic:  8/8        EV: 13    Int: 14    God:
Gold:   247        SH:  5    Dex: 15    Spells: 7/7 levels left

rFire   + . .      SeeInvis .   d - +7 short sword
rCold   . . .      Faith    .   g - +1 buckler {reflect}
rNeg    . . .      Spirit   .   (helmet restricted)
rPois   .          Reflect  +   (no amulet)
rElec   .          Harm     .   (no ring)
rCorr   .          Rampage  .   (no ring)
Will    .....                   (no ring)
Stlth   ++++++....              (no ring)
HPRegen 0.19/turn               (no ring)
MPRegen 0.11/turn               (no ring)
                                (no ring)
                                (no ring)

@: no status effects
A: almost no armour, amphibious, 8 rings, camouflage 1, gelatinous body 1,
(nimble swimmer 1), tentacles, tentacle spike 1, fire resistance 1, robust 1
a: no special abilities


You were on level 6 of the Dungeon.
You visited 1 branch of the dungeon, and saw 6 of its levels.

You collected 247 gold pieces.

Inventory:

Hand Weapons
 a - a +2 dagger
 d - a +7 short sword (weapon)
Missiles
 b - 35 poisoned darts (quivered)
 c - 3 curare-tipped darts
Armour
 g - a +1 buckler of reflection (worn)
Jewellery
 p - a ring of magical power
Wands
 i - a wand of polymorph (11)
 o - a wand of flame (14)
 s - a wand of iceblast (5)
Scrolls
 l - a scroll of blinking
 m - 3 scrolls of identify
 n - 2 scrolls of amnesia
 q - 2 scrolls of butterflies
Potions
 e - 2 potions of flight
 f - a potion of attraction
 h - 6 potions of curing
 j - a potion of haste
 k - 2 potions of degeneration
 r - a potion of mutation
 t - a potion of lignification {unknown}
 u - a potion of magic {unknown}
 w - 2 potions of heal wounds {unknown}


   Skills:
 + Level 3.5 Fighting
 + Level 5.6 Short Blades
 + Level 2.1 Throwing
 + Level 2.9 Dodging
 * Level 12.6 Stealth
 + Level 1.1 Shields


You had 7 spell levels left.
You didn't know any spells.
Your spell library contained the following spells:

 Spells                   Type           Power      Damage    Failure   Level
 Poisonous Vapours        Pois/Air       0%         N/A       50%         2
 Gell's Gravitas          Tloc           0%         N/A       75%         3
 Teleport Other           Tloc           0%         N/A       75%         3
 Corpse Rot               Necr/Pois/Air  0%         N/A       98%         4
 Dispersal                Tloc           0%         N/A       100%        6


Dungeon Overview and Level Annotations

Branches:
Dungeon (6/15)
 Temple: D:4-7

Altars:
Gozag

Annotations:
D:3 1 runed translucent door, Crazy Yiuf


Innate Abilities, Weirdness & Mutations

You cannot wear most types of armour.
You are amphibious.
You can wear up to eight rings at the same time.
Your skin changes colour to match your surroundings (Stealth+).
Your rubbery body absorbs attacks. (AC +1, EV +1)
((You are camouflaged when in or above water. (Stealth+)))
You have tentacles for arms and can constrict up to eight enemies at once.
One of your tentacles bears a spike.
Your flesh is heat resistant. (rF+)
You are robust. (+10% HP)


Message History

You squeeze the gnoll sergeant, but do no damage.
The gnoll sergeant is heavily wounded.
You constrict the gnoll sergeant. You block the gnoll sergeant's attack.
The gnoll closely misses you.
Unknown command.
You hit the gnoll sergeant.
The gnoll sergeant is severely wounded.
You constrict the gnoll sergeant. You hit the gnoll sergeant.
You pierce the gnoll sergeant, but do no damage.
You squeeze the gnoll sergeant.
You kill the gnoll sergeant!
The gnoll hits you with a +0 flail!
You hit the gnoll. You grab the gnoll.
The gnoll is heavily wounded.
You constrict the gnoll, but do no damage.
You block the gnoll's attack.
You hit the gnoll but do no damage.
You pierce the gnoll, but do no damage.
The gnoll is heavily wounded.
You constrict the gnoll, but do no damage.
The gnoll misses you.
You hit the gnoll.
The gnoll is heavily wounded.
You constrict the gnoll.
The gnoll struggles to escape constriction.
You hit the gnoll.
You kill the gnoll!
The ice beast hits you. The ice beast freezes you! The gnoll misses you.
You are too injured to fight recklessly!
The ice beast attacks as you move away! The ice beast closely misses you.
The gnoll closely misses you.
The gnoll hits you from afar with a +0 halberd!
* * * LOW HITPOINT WARNING * * *
Found a +0 whip.
The ice beast attacks as you move away! The ice beast barely misses you.
There is a stone staircase leading up here.
The ice beast hits you.
* * * LOW HITPOINT WARNING * * *
The ice beast freezes you!
You die...

##########
.........###
.#.####.......#..
..............#.#
.....#.......#.#
..##.#.......#.# #
#....#..)....#.##.##.#
#.>....).....#...)...#
#.###...#...gY@...#
#.....#....#####..#
#.###...##)# ###..#
#.####.###.##.....#
#<...............#
######.##...#.##.#
##.##.)......#
#########
#.#...<...##.#
#.......# ##
##.##.#.### #
####.#####.#


You could see an ice beast and a gnoll.

Vanquished Creatures
  Eustachio (D:4)
  A water moccasin (D:5)
  A sky beast (D:5)
  3 ogres
  A kobold brigand (D:6)
  Blork the orc (D:5)
  A gnoll sergeant (D:6)
  2 scorpions
  A howler monkey (D:5)
  An orc priest (D:5)
  2 hounds
  Jessica (D:3)
  Natasha (thrice) (D:3)
  4 iguanas
  3 orc wizards
  4 gnolls
  9 adders
  A dart slug (D:4)
  3 worms
  19 orcs
  4 endoplasms
  4 giant cockroaches
  5 goblins
  5 hobgoblins
  7 jackals
  2 quokkas
  12 ball pythons
  5 bats
  7 frilled lizards
  13 kobolds
  6 rats
132 creatures vanquished.

Notes
Turn   | Place    | Note
-------+----------+-------------------------------------------
     0 | D:1      | SensoryNuts the Octopode Brigand began the quest for the
                  | Orb.
     0 | D:1      | Reached XP level 1. HP: 14/14 MP: 1/1
   584 | D:1      | Reached XP level 2. HP: 18/19 MP: 2/2
   634 | D:1      | Reached skill level 6 in Stealth
  1354 | D:2      | Found a faded altar of an unknown god.
  1359 | D:2      | Reached XP level 3. HP: 24/24 MP: 3/3
  2069 | D:2      | Reached skill level 7 in Stealth
  2484 | D:2      | Reached XP level 4. HP: 16/29 MP: 4/4
  3402 | D:3      | Reached skill level 8 in Stealth
  3402 | D:3      | Reached XP level 5. HP: 34/34 MP: 5/5
  3617 | D:3      | Noticed Natasha
  3625 | D:3      | Killed Natasha
  3731 | D:3      | Noticed Jessica
  3748 | D:3      | Killed Jessica
  3984 | D:3      | Found an opulent altar of Gozag.
  4027 | D:3      | Noticed Natasha
  4034 | D:3      | Killed Natasha
  4035 | D:3      | Reached skill level 9 in Stealth
  4035 | D:3      | Reached XP level 6. HP: 40/40 MP: 6/6
  4166 | D:3      | Found a runed translucent door.
  4167 | D:3      | Noticed Crazy Yiuf
  4189 | D:3      | Noticed Natasha
  4198 | D:3      | Killed Natasha
  4836 | D:4      | Noticed Eustachio
  4845 | D:4      | Killed Eustachio
  4846 | D:4      | Reached XP level 7. HP: 17/45 MP: 7/7
  5048 | D:4      | Reached skill level 10 in Stealth
  5472 | D:4      | Gained mutation: You are robust. (+10% HP) [potion of
                  | mutation]
  5472 | D:4      | Gained mutation: Your flesh is heat resistant. (rF+)
                  | [potion of mutation]
  5472 | D:4      | Gained mutation: One of your tentacles bears a spike.
                  | [potion of mutation]
  5501 | D:4      | Identified a scroll of acquirement
  5501 | D:4      | Acquired a +1 buckler of reflection
  5511 | D:5      | Entered Level 5 of the Dungeon
  5514 | D:5      | Noticed Blork the orc
  5526 | D:5      | Killed Blork the orc
  6007 | D:5      | Reached skill level 11 in Stealth
  6007 | D:5      | Reached XP level 8. HP: 57/57 MP: 8/8
  6557 | D:5      | HP: 2/57 [poisoned by a water moccasin]
  6897 | D:6      | Reached skill level 5 in Short Blades
  7071 | D:6      | Reached skill level 12 in Stealth
  7970 | D:5      | Reached skill level 1 in Shields
  8044 | D:6      | Slain by an ice beast

Illustrated notes

Levels and vault maps discovered:
D:1:      grunt_arrival_lava_bath, layout_basic
D:2:      layout_basic, hellmonk_ecumenical_altar_lost_god
D:3:      wander_river, layout_basic, grunt_gozag_breadcrumbs,
          grunt_decor_fettered, st_stairs_11, nicolae_figureground_pulse,
          uniq_jessica, uniq_crazy_yiuf_cottage, uniq_natasha
D:4:      cheibrodos_quashed, layout_loops_ring, uniq_eustachio
D:5:      layout_rooms, serial_glass, glass_columns_a, glass_columns_a,
          uniq_blork_the_orc
D:6:      layout_loops_cross

Skill      XL: |  1  2  3  4  5  6  7  8 |
---------------+-------------------------+-----
Stealth        | 6 7 8 9 11 12 | 12.6
Short Blades   | 3 4 5 |  5.6
Dodging        | 2 |  2.9
Fighting       | 3 |  3.5
Shields        | 1 |  1.1
Throwing       | |  2.1

Action                   |  1- 3 |  4- 6 |  7- 9 || total
-------------------------+-------+-------+-------++-------
Melee: Dagger            |     6 |       |       ||     6
       Short sword       |    52 |    81 |   110 ||   243
       Constrict         |    12 |    18 |    23 ||    53
       Tentacles         |     9 |    17 |    21 ||    47
       Punch             |       |     3 |     1 ||     4
       Kick              |       |       |    40 ||    40
Throw: Dart              |       |       |     2 ||     2
  Use: Scroll            |    10 |       |    10 ||    20
       Potion            |       |       |     4 ||     4
 Stab: Sleeping          |    19 |    10 |     7 ||    36
       Distracted        |       |     1 |     1 ||     2
Armor: Skin              |     3 |     4 |     6 ||    13
Dodge: Dodged            |    28 |    56 |    56 ||   140
Block: Buckler           |       |       |    21 ||    21
       Reflection        |       |       |     3 ||     3
